 Dungeon Crawl Stone Soup version 0.25-a0-413-g3b4b6a4ccc (webtiles) character file.

Game seed: 9971558536677216478, levelgen mode: deterministic

169 DeadFury222 the Cutter (level 5, 0/33 HPs)
             Began as a Kobold Berserker on Jan 17, 2020.
             Was a Follower of Trog.
             Slain by a gnoll
             ... wielding a +0 club
              (4 damage)
             ... on level 4 of the Dungeon.
             The game lasted 00:07:06 (2725 turns).

DeadFury222 the Cutter (Kobold Berserker)           Turns: 2725, Time: 00:07:06

Health: 0/33       AC: 10    Str: 15    XL:     5   Next: 79%
Magic:  5/5        EV:  4    Int:  8    God:    Trog [*.....]
Gold:   152        SH:  0    Dex: 15    Spells: 4/4 levels left

rFire    + . .     SeeInvis .   a - +1 short sword
rCold    . . .     Gourm    .   (shield restricted)
rNeg     . . .     Faith    .   b - +0 plate armour (curse)
rPois    +         Spirit   .   (no helmet)
rElec    .         Reflect  .   (no cloak)
rCorr    .         Harm     .   (no gloves)
MR       .....                  (no boots)
Stlth    ..........             (no amulet)
HPRegen  0.11/turn              g - ring of poison resistance
MPRegen  0.09/turn              j - ring of protection from fire

@: berserk cooldown, held, slowed, very slow
A: small, carnivore
a: Berserk, Renounce Religion


You were on level 4 of the Dungeon.
You worshipped Trog.
Trog was aware of your devotion.
You were very full.

You visited 1 branch of the dungeon, and saw 4 of its levels.

You collected 152 gold pieces.

Inventory:

Hand Weapons
 a - a +1 short sword (weapon)
Armour
 b - a cursed +0 plate armour (worn)
Jewellery
 g - a ring of poison resistance (left hand)
 j - a ring of protection from fire (right hand)
Scrolls
 n - a scroll of amnesia {unknown}
 o - a scroll of immolation
 q - 2 scrolls of teleportation
 r - a scroll of remove curse {unknown}
Potions
 d - a potion of degeneration {unknown}
 e - 2 potions of ambrosia {unknown}
 h - 2 potions of lignification {unknown}
 i - 2 potions of mutation
 k - 4 potions of curing {unknown}
 p - a potion of agility {unknown}
Comestibles
 c - 4 rations
 f - 4 chunks of flesh


   Skills:
 + Level 4.2 Fighting
 * Level 6.0 Short Blades
 + Level 2.1 Armour
 + Level 3.7 Dodging


You had 4 spell levels left.
You didn't know any spells.
Your spell library was empty.

Dungeon Overview and Level Annotations

Branches:
Dungeon (4/15)
 Temple: D:4-7

Altars:
Gozag


Innate Abilities, Weirdness & Mutations

You are small and have problems with some larger weapons.
You are carnivorous and can eat meat at any time.


Message History

The gnoll hits you from afar with a +0 spear.
The gnoll hits you but does no damage.
You shred the net and break free!
The gnoll hits you from afar with a +0 spear.
The gnoll throws a throwing net.
The throwing net hits you.
You become entangled in the net!
The gnoll hits you with a +0 club.
You tear a large gash into the net.
The gnoll hits you but does no damage.
An orc comes into view.
It is wielding a +1 short sword of electrocution.
The gnoll hits you with a +0 club. The gnoll hits you but does no damage.
The orc moves out of view.
You struggle against the net.
The gnoll hits you but does no damage.
The gnoll hits you from afar with a +0 spear!
The gnoll hits you but does no damage.
A hound comes into view.
The gnoll barely misses you.
You struggle against the net.
The gnoll hits you but does no damage. The gnoll hits you with a +0 whip.
* * * LOW HITPOINT WARNING * * *
The gnoll hits you with a +0 club.
You die...

># .##
..####.
.......
.....
l..
##g#
#@.#
#g##


hg# #.## .. #.. #.# .. You could see a hound, 3 gnolls and a leopard gecko.

Vanquished Creatures
  A howler monkey (D:4)
  A hound (D:4)
  An iguana (D:3)
  A hound skeleton (D:3)
  A gnoll (D:3)
  2 dart slugs (D:1)
  A leopard gecko (D:3)
  2 orcs (D:3)
  3 bats
  3 giant cockroaches
  5 goblins
  12 hobgoblins
  4 kobolds
  A quokka (D:3)
  A ball python (D:1)
  3 rats
42 creatures vanquished.

Notes
Turn   | Place    | Note
-------+----------+-------------------------------------------
     0 | D:1      | DeadFury222 the Kobold Berserker began the quest for the
                  | Orb.
     0 | D:1      | Reached XP level 1. HP: 14/14 MP: 1/1
   284 | D:1      | Reached XP level 2. HP: 15/19 MP: 2/2
   921 | D:1      | Reached XP level 3. HP: 23/23 MP: 3/3
  1247 | D:2      | Found an opulent altar of Gozag.
  1479 | D:2      | Reached skill level 5 in Short Blades
  1925 | D:3      | Reached XP level 4. HP: 24/29 MP: 4/4
  2635 | D:4      | Reached XP level 5. HP: 26/33 MP: 5/5
  2644 | D:4      | Reached skill level 6 in Short Blades
  2725 | D:4      | Slain by a gnoll

Levels and vault maps discovered:
D:1:      moated_graveyard_arrival, layout_basic
D:2:      layout_basic, nicolae_gozag_cash_rules_everything_around_me
D:3:      layout_basic, minmay_misc_feat_enclosed
D:4:      layout_layer_cave, gammafunk_ghost_split

Skill      XL: |  1  2  3  4  5 |
---------------+----------------+-----
Dodging        | 3 |  3.7
Short Blades   | 5 6 |  6.0
Fighting       | 4 |  4.2
Armour         | 2 |  2.1

Action                   |  1- 3 |  4- 6 || total
-------------------------+-------+-------++-------
Melee: Short sword       |   135 |    47 ||   182
Invok: Berserk           |       |     3 ||     3
  Use: Scroll            |     4 |     3 ||     7
  Eat: Chunk             |    12 |     4 ||    16
Armor: Animal skin       |     5 |       ||     5
       Chain mail        |    11 |       ||    11
       Plate armour      |    29 |    26 ||    55
Dodge: Dodged            |    63 |    15 ||    78

Table legend:
 A = Non-vault XP
 B = Vault XP
 C = Vault XP percentage of total XP
 D = Non-vault monster count
 E = Vault monster count
 F = Vault count percentage of total count
                 A         B        C        D         E       F
            +---------+---------+-------+---------+---------+-------
      Total |     242 |       0 |   0.0 |      42 |       0 |   0.0
            +---------+---------+-------+---------+---------+-------
        D:1 |      36 |       0 |   0.0 |      18 |       0 |   0.0
        D:2 |      16 |       0 |   0.0 |       9 |       0 |   0.0
        D:3 |      93 |       0 |   0.0 |      13 |       0 |   0.0
        D:4 |      97 |       0 |   0.0 |       2 |       0 |   0.0
            +---------+---------+-------+---------+---------+-------
